 Dungeon Crawl Stone Soup version 0.30-a0-715-gdb4ae3ece1 (webtiles) character file.

Game seed: 9892661053550436657

42 wormed the Sneak (level 3, -1/31 HPs)
             Began as a Naga Fire Elementalist on Jan 24, 2023.
             Frozen to death by an endoplasm (3 damage)
             ... on level 2 of the Dungeon.
             The game lasted 00:02:49 (2602 turns).

wormed the Sneak (Naga Fire Elementalist)           Turns: 2602, Time: 00:02:49

Health: -1/31      AC:  4    Str: 10    XL:     3   Next: 54%
Magic:  3/6        EV:  9    Int: 17    God:
Gold:   97         SH:  0    Dex: 11    Spells: 0/6 levels left

rFire   . . .      SeeInvis +    j - +0 sling (freeze)
rCold   . . .      Faith    .    (no shield)
rNeg    . . .      Spirit   .    k - +0 leather armour
rPois   +          Reflect  .    c - +0 helmet
rElec   .          Harm     .    h - +0 cloak
rCorr   .          Rampage  .    (no gloves)
Will    .....                    (no barding)
Stlth   ++                       (no amulet)
HPRegen 0.25/turn                (no ring)
MPRegen 0.10/turn                (no ring)

@: very slow
A: AC +1, large, see invisible, deformed body, poison resistance, slowness 2,
spit poison 1, naga tail 1
a: Spit Poison


You were on level 2 of the Dungeon.
You visited 1 branch of the dungeon, and saw 3 of its levels.

You collected 97 gold pieces.

Inventory:

Hand Weapons
 d - a +0 dagger
 j - a +0 sling of freezing (weapon)
Armour
 a - a +0 robe
 c - a +0 helmet (worn)
 h - a +0 cloak (worn)
 k - a +0 leather armour (worn)
Scrolls
 f - a scroll of teleportation
 g - a scroll of acquirement {unknown}
 m - a scroll of enchant armour {unknown}
 n - a scroll of identify
 p - 2 scrolls of immolation {unknown}
Potions
 b - a potion of magic
 e - a potion of haste {unknown}
 i - a potion of curing
 l - a potion of invisibility {unknown}
 o - 2 potions of brilliance {unknown}


   Skills:
 + Level 1.1 Fighting
 - Level 1.5 Dodging
 * Level 4.2 Stealth
 + Level 2.2 Spellcasting
 + Level 1.5 Conjurations
 + Level 3.3 Fire Magic


You couldn't memorise any spells.
You knew the following spells:

 Your Spells              Type           Power      Damage    Failure   Level
a - Foxfire               Conj/Fire      40%        2x1d6     10%         1
b - Scorch                Fire           26%        2d6       10%         2
c - Inner Flame           Hex/Fire       7%         N/A       36%         3

Your spell library contained the following spells:

 Spells                   Type           Power      Damage    Failure   Level
 Apportation              Tloc           2%         N/A       26%         1
 Necrotise                Necr           4%         1d4       26%         1
 Summon Small Mammal      Summ           4%         N/A       26%         1
 Kindle Blastsparks       Fire/Tloc/Air  10%        2d10      45%         3
 Call Canine Familiar     Summ           1%         N/A       61%         3
 Portal Projectile        Hex/Tloc       2%         N/A       61%         3
 Flame Wave               Conj/Fire      10%        2d6       67%         4
 Leda's Liquefaction      Hex/Erth       0%         N/A       95%         4


Dungeon Overview and Level Annotations

Branches:
Dungeon (3/15)

Altars:

Annotations:
D:3 Ijyb


Innate Abilities, Weirdness & Mutations

Your serpentine skin is tough. (AC +1)
You have supernaturally acute eyesight. (SInv)
Armour fits poorly on your strangely shaped body.
Your system is resistant to poisons. (rPois)
You cover ground very slowly.
You can spit poison.
You have a snake-like lower body.


Message History

The endoplasm barely misses you. The dart slug launches a dart at you.
The slug dart hits you.
Your foxfire dissipates!
The endoplasm is no longer more vulnerable to fire.
The endoplasm freezes you.
You are frozen.
The rat closely misses you. The rat attacks as you move away!
The rat barely misses you. The endoplasm attacks as you move away!
The endoplasm barely misses you. The endoplasm freezes you.
You are frozen.
The endoplasm attacks as you move away!
The endoplasm hits you but does no damage.
The endoplasm hits you.
The endoplasm hits you but does no damage.
The rat bites you but does no damage. The rat attacks as you move away!
The rat bites you. Ijyb attacks as you move away!
Ijyb hits you but does no damage. The rat attacks as you move away!
The rat completely misses you.
The endoplasm hits you but does no damage.
The endoplasm attacks as you move away! The endoplasm barely misses you.
Ijyb zaps a wand.
The bolt of light hits you!
You are confused.
Ouch! That really hurt!
* * * LOW HITPOINT WARNING * * *
There is a stone staircase leading up here.
The endoplasm freezes you.
You are frozen.
* * * LOW HITPOINT WARNING * * *
You climb upwards.
You feel less confused.
There is a stone staircase leading down here.
Casting: Foxfire (safe; 10% risk of failure)
Confirm with . or Enter, or press ? or * to list all spells.
Flames lash the endoplasm.
The endoplasm is almost dead.
The endoplasm's fire resistance burns away.
The endoplasm freezes you.
You are frozen.
You die...

..#.#.###.#...............##.#
....#.# #...........(......#.####
..###.# #.#.<....................
..###.###.#######...#####..#.##..
..........# #...# #..#.##..
######.#<.# #...# #........
#...## ##...## #..##.#..
##.########.....## #........
#######.# #.....@.....# ##.......
........# #......J...## #......#
##.###### #.####....######.##.#.#
##.# #.............##.#..... ##.#
#.####.######.......#.# ##.#
#........# ####.#.##.# ...#
####.######.# #.#.##.# ####
#.......# #.# #......# #.##.##.#
#.# ###.####


You could see an endoplasm (combustible).

Vanquished Creatures
  2 worms (D:2)
  3 ball pythons
  6 endoplasms
  A giant cockroach (D:2)
  3 goblins
  5 hobgoblins
  A quokka (D:1)
  5 bats (D:1)
  2 frilled lizards
  2 kobolds
  3 rats
33 creatures vanquished.

Vanquished Creatures (others)
  37 foxfires
37 creatures vanquished.

Grand Total: 70 creatures vanquished

Notes
Turn   | Place    | Note
-------+----------+-------------------------------------------
     0 | D:1      | wormed the Naga Fire Elementalist began the quest for the
                  | Orb.
     0 | D:1      | Reached XP level 1. HP: 15/15 MP: 3/3
   260 | D:1      | Reached XP level 2. HP: 5/24 MP: 1/5
   263 | D:1      | Learned a level 2 spell: Scorch
   882 | D:1      | Found a faded altar of an unknown god.
  1648 | D:2      | Reached XP level 3. HP: 28/30 MP: 4/6
  1662 | D:2      | Reached skill level 1 in Fighting
  1734 | D:2      | Reached skill level 4 in Stealth
  2547 | D:2      | Learned a level 3 spell: Inner Flame
  2586 | D:3      | Noticed Ijyb
  2600 | D:3      | HP: 1/31 [frozen (5)]
  2602 | D:2      | Frozen to death by an endoplasm

Illustrated notes

Levels and vault maps discovered:
D:1:      nzn_arrival_depleted_hourglass, layout_loops_corners,
          ebering_ecumenical_altar_box
D:2:      layout_loops_cross
D:3:      layout_loops_cross, trog_three_pillars_becter, uniq_ijyb

Skill      XL: |  1  2  3 |
---------------+----------+-----
Fighting       | 1 |  1.1
Stealth        | 4 |  4.2
Dodging        | |  1.5
Spellcasting   | |  2.2
Conjurations   | |  1.5
Fire Magic     | |  3.3

Action                     || total
---------------------------++-------
  Melee: Unarmed           ||    15
         Dagger            ||    18
   Fire: Sling             ||     5
   Cast: Foxfire           ||    21
         Scorch            ||    26
    Use: Scroll            ||     4
 Armour: Robe              ||    13
         Leather armour    ||     6
  Dodge: Dodged            ||    25

Table legend: (Time is in decaauts)
 A = Elapsed time spent in this place.
 B = Non-inter-level travel time spent in this place.
 C = Inter-level travel time spent in this place.
 D = Time resting spent in this place.
 E = Time spent auto-exploring this place.
 F = Levels seen in this place.
 G = Mean time per level.
                   A        B        C        D        E       F      G
               +--------+--------+--------+--------+--------+-----+--------+
         Total |   3231 |   2964 |    267 |    131 |   2502 |   3 | 1077.0 |
       Dungeon |   3231 |   2964 |    267 |    131 |   2502 |   3 | 1077.0 |
               +--------+--------+--------+--------+--------+-----+--------+

Top non-repeatable levels by time:
     D:1: 2024 daAuts
     D:2: 1143 daAuts
     D:3: 64 daAuts
